 Seeded DCSS version 0.30-a0-883-g5ad918d77d (webtiles) character file.

Game seed: 14609914237634571499 (custom seed)

1607 hikkokomori the Spear-Bearer (level 8, -1/60 (64) HPs)
             Began as a Merfolk Gladiator on Mar 18, 2023.
             Was a Believer of Okawaru.
             Slain by a wight
             ... wielding a +2 battleaxe of freezing
              (11 damage)
             ... on level 7 of the Dungeon.
             The game lasted 00:09:28 (5462 turns).

hikkokomori the Spear-Bearer (Merfolk Gladiator)    Turns: 5462, Time: 00:09:29

HP:   -1/60 (64)    AC:  8    Str: 17    XL:     8   Next: 95%
MP:   0/19          EV: 17    Int:  3    God:    Okawaru [**....]
Gold: 307           SH:  0    Dex: 18    Spells: 2/7 levels left

rFire   + + .      SeeInvis .    f - +8 glaive "Pemas" {flame, +Blink MP+9 Str+3}
rCold   . . .      Faith    .    (shield currently unavailable)
rNeg    . . .      Spirit   +    C - +1 leather armour of Marbles {rPois rF++ Will+ Int-4}
rPois   +          Reflect  .    c - +0 helmet
rElec   .          Rampage  .    (no cloak)
rCorr   .                        k - +1 pair of gloves
Will    +....                    (no boots)
Stlth   +++++                    o - amulet of guardian spirit
HPRegen 0.30/turn                (no ring)
MPRegen 0.16/turn                (no ring)

@: heroic, drained
A: (nimble swimmer 2), mertail
a: Renounce Religion, Evoke Blink, Heroism


You were on level 7 of the Dungeon.
You worshipped Okawaru.
Okawaru was pleased with you.
You visited 2 branches of the dungeon, and saw 8 of its levels.
You also visited: Sewer and Ossuary.

You collected 307 gold pieces.

Inventory:

Hand Weapons
 a - a +0 long sword
 f - the +8 glaive "Pemas" (weapon) {flame, +Blink MP+9 Str+3}
   (You acquired it on level 1 of the Dungeon)

   Str:       It affects your strength (+3).
   MP:        It affects your magic capacity (+9).
   +Blink:    It lets you blink.
 i - a +0 dagger of venom
 A - the +5 whip "Foerobis" {speed, rC+ Will++ Str+3 Int-4}
   (You found it on level 3 of the Dungeon)

   Str:       It affects your strength (+3).
   Int:       It affects your intelligence (-4).
   rC:        It protects you from cold.
   Will:      It greatly increases your willpower.
 B - the +5 spear "Powiliq" {freeze, rElec rPois rF+++ Will-}
   (You took it off an orc on level 3 of the Dungeon)

   rF:        It renders you almost immune to fire.
   rElec:     It insulates you from electricity.
   rPois:     It protects you from poison.
   Will:      It decreases your willpower.
Missiles
 d - 3 throwing nets (quivered)
 e - a javelin
Armour
 b - a +0 leather armour
 c - a +0 helmet (worn)
 k - a +1 pair of gloves (worn)
 C - the +1 leather armour of Marbles (worn) {rPois rF++ Will+ Int-4}
   (You took it off an orc on level 3 of the Dungeon)

   Int:       It affects your intelligence (-4).
   rF:        It greatly protects you from fire.
   rPois:     It protects you from poison.
   Will:      It increases your willpower.
Jewellery
 o - an amulet of guardian spirit (around neck)
 M - the ring "Matof" {rElec rPois Will++ MP+9 Str-5}
   (You found it on level 5 of the Dungeon)

   [ring of magical power]

   Str:       It affects your strength (-5).
   rElec:     It insulates you from electricity.
   rPois:     It protects you from poison.
   MP:        It affects your magic capacity (+9).
   Will:      It greatly increases your willpower.
 N - a ring of flight
Wands
 y - a wand of polymorph (23)
 G - a wand of paralysis (2)
 O - a wand of flame (24)
Scrolls
 h - 5 scrolls of identify {unknown}
 m - a scroll of immolation {unknown}
 p - 2 scrolls of teleportation
 q - 3 scrolls of fog {unknown}
 u - a scroll of butterflies {unknown}
 E - 2 scrolls of noise {unknown}
 F - a scroll of enchant armour {unknown}
 J - a scroll of silence {unknown}
 K - a scroll of torment {unknown}
 L - 2 scrolls of enchant weapon {unknown}
Potions
 g - 3 potions of degeneration {unknown}
 j - 4 potions of might {unknown}
 l - a potion of lignification {unknown}
 n - 4 potions of heal wounds
 r - a potion of resistance {unknown}
 s - a potion of ambrosia {unknown}
 t - 3 potions of cancellation {unknown}
 v - 2 potions of magic {unknown}
 w - a potion of mutation {unknown}
 x - 3 potions of attraction {unknown}
 z - 2 potions of haste {unknown}
 D - 3 potions of curing
 H - 2 potions of brilliance {unknown}
 I - 2 potions of flight


   Skills:
 + Level 6.3(11.3) Fighting
 - Level 3.9(8.9) Long Blades
 + Level 8.9(13.9) Polearms
 - Level 2.2(7.2) Throwing
 - Level 4.2(9.2) Dodging
 + Level 6.2(11.2) Stealth
 + Level 3.2 Invocations


You had 2 spell levels left.
You knew the following spells:

 Your Spells              Type           Power      Damage    Failure   Level
a - Lightning Bolt        Conj/Air       0%         1d11      100%        5

Your spell library contained the following spells:

 Spells                   Type           Power      Damage    Failure   Level
 Static Discharge         Conj/Air       0%         2-2/arc   73%         2
 Vhi's Electric Charge    Tloc/Air       0%         N/A       91%         3
 Arcjolt                  Conj/Air       0%         1d10      100%        5


Dungeon Overview and Level Annotations

Branches:
Dungeon (7/15)             Temple (1/1) D:5           Sewer (visited)
Ossuary (visited)

Altars:
Elyvilon
Okawaru
Ru
Vehumet
Xom

Annotations:
D:6 Menkaure


Innate Abilities, Weirdness & Mutations

((You are very nimble when in or above water. (Stealth+, EV+, Speed+++)))
Your lower body shifts to a powerful aquatic tail in water.


Message History

You are no longer poisoned.
The kobold shouts! x2
The sleepcap misses you. The sleepcap barely misses you.
You completely miss the sleepcap.
The kobold throws a stone.
The stone hits you but does no damage. The sleepcap barely misses you.
The kobold shouts!
You slash the sleepcap! You burn the sleepcap.
The sleepcap is heavily damaged.
The kobold throws a stone.
The stone closely misses you. The sleepcap barely misses you.
You slash the sleepcap! You burn the sleepcap.
The sleepcap is almost destroyed.
The sleepcap closely misses you. The wight closely misses you.
You hit the sleepcap. You burn the sleepcap.
You destroy the sleepcap!
Okawaru accepts your kill. The kobold barely misses you.
The wight completely misses you.
Unknown command.
You closely miss the kobold brigand.
The wight hits you with a +2 battleaxe of freezing.
You feel drained. The wight freezes you.
The kobold hits you but does no damage.
The kobold throws a stone.
The stone hits you but does no damage.
The kobold throws a stone.
The stone misses you. The kobold brigand misses you.
You slash the kobold brigand! You burn the kobold brigand.
The kobold brigand is moderately wounded.
The wight hits you with a +2 battleaxe of freezing!
You feel drained. The wight freezes you.
* * * LOW HITPOINT WARNING * * *
The kobold barely misses you.
The kobold brigand hits you with a +0 whip.
* * * LOW HITPOINT WARNING * * *
You gain the combat prowess of a mighty hero.
The wight misses you. The kobold completely misses you.
The kobold brigand hits you with a +0 whip.
* * * LOW HITPOINT WARNING * * *
Unknown command.
You closely miss the wight. The kobold brigand misses you.
The wight hits you with a +2 battleaxe of freezing!
You die...

#..........#
#..........
##........##
#..........#
#..........#
#......K...#
#.....KK...#
#......@K..#
##....z.....#
##.......#..#
.....##....#.#
..... #....#
.... #.##..
... #.. ...
... ..# !...


You could see a kobold brigand, a wight and 3 kobolds.

Vanquished Creatures
  A sky beast (D:6)
  A centaur (D:6)
  An ogre (D:5)
  A phantom (D:5)
  2 kobold brigands (Sewer)
  3 scorpions
  3 killer bees
  A jelly (D:5)
  2 orc priests
  A sleepcap (D:7)
  The ghost of baller8008 the Scratcher, a weakling FeTm (D:3)
  6 hounds
  An iguana (D:5)
  Natasha (twice) (D:2)
  5 orc wizards
  A mummy (Ossuary)
  Robin (D:2)
  6 adders
  2 gnolls (D:4)
  2 river rats (Sewer)
  2 ufetubi (D:5)
  A dart slug (D:5)
  19 orcs
  2 spectral bats (Ossuary)
  2 ball pythons
  10 endoplasms
  4 giant cockroaches
  10 goblins
  6 hobgoblins
  5 jackals
  3 quokkas
  6 bats
  2 frilled lizards
  12 gnoll zombies (Ossuary)
  5 goblin simulacra (Ossuary)
  6 goblin zombies (Ossuary)
  2 hobgoblin zombies (Ossuary)
  14 kobolds
  5 kobold zombies (Ossuary)
  5 orc zombies (Ossuary)
  9 rats
  7 rat simulacra (Ossuary)
  4 spectral goblins (Ossuary)
  3 spectral kobolds (Ossuary)
  3 spectral rats (Ossuary)
190 creatures vanquished.

Notes
Turn   | Place    | Note
-------+----------+-------------------------------------------
     0 | D:1      | hikkokomori the Merfolk Gladiator began the quest for the
                  | Orb.
     0 | D:1      | Reached XP level 1. HP: 16/16 MP: 1/1
    47 | D:1      | Reached XP level 2. HP: 10/23 MP: 2/2
   234 | D:1      | Identified a scroll of acquirement
   234 | D:1      | Acquired the +8 glaive "Pemas" {flame, +Blink MP+9 Str+3}
   601 | D:1      | Reached skill level 1 in Polearms
   611 | D:1      | Reached XP level 3. HP: 28/28 MP: 3/3
   841 | D:2      | Reached skill level 1 in Stealth
   889 | D:2      | Noticed Natasha
   896 | D:2      | Killed Natasha
   897 | D:2      | Reached skill level 2 in Polearms
   897 | D:2      | Reached XP level 4. HP: 17/34 MP: 4/4
  1117 | D:2      | Noticed Robin
  1121 | D:2      | Killed Robin
  1240 | D:2      | Noticed Natasha
  1243 | D:2      | Killed Natasha
  1244 | D:2      | Reached skill level 3 in Polearms
  1366 | D:2      | Identified the +4 dagger of Nokuqu Vaan {freeze, rN++
                  | Will+}
  1599 | D:3      | Found a faded altar of an unknown god.
  1608 | D:3      | Reached XP level 5. HP: 38/41 MP: 5/5
  1909 | D:3      | Found a runed translucent gate.
  1909 | D:3      | Found a runed translucent gate.
  1909 | D:3      | Found a runed translucent gate.
  1917 | D:3      | Noticed baller8008's ghost (weakling FeTm)
  1919 | D:3      | Identified the +5 spear "Powiliq" {freeze, rElec rPois
                  | rF+++ Will-}
  1919 | D:3      | Identified the +1 leather armour of Marbles {rPois rF++
                  | Will+ Int-4}
  2122 | D:3      | Identified the +5 whip "Foerobis" {speed, rC+ Will++ Str+3
                  | Int-4}
  2419 | D:3      | Killed baller8008's ghost
  2420 | D:3      | Reached skill level 4 in Polearms
  2601 | D:4      | Reached XP level 6. HP: 48/48 MP: 6/6
  2607 | D:4      | Found a sand-covered staircase.
  2624 | Ossuary  | Entered an ossuary
  2641 | Ossuary  | Reached skill level 5 in Polearms
  3281 | D:4      | Reached skill level 6 in Polearms
  3281 | D:4      | Reached XP level 7. HP: 55/55 MP: 7/7
  3410 | D:4      | Identified the +1 robe of Zin's Brutal Revenge {-Tele rN+
                  | Regen+ Int+3}
  3858 | D:5      | Entered Level 5 of the Dungeon
  3897 | D:5      | Found a staircase to the Ecumenical Temple.
  3906 | Temple   | Entered the Ecumenical Temple
  3906 | Temple   | Noticed an ice devil
  3906 | Temple   | Noticed a hellwing
  3906 | Temple   | Noticed a Brimstone Fiend
  3906 | Temple   | Noticed a neqoxec
  3906 | Temple   | Noticed an orange demon
  3907 | Temple   | Noticed a chaos spawn
  3908 | Temple   | Noticed Ikueb the pandemonium lord
  3909 | Temple   | Noticed Cutimokk the pandemonium lord
  3909 | Temple   | Noticed Rozat the pandemonium lord
  3910 | Temple   | Noticed a soul eater
  3910 | Temple   | Noticed a reaper
  3912 | Temple   | Noticed Zowikas the pandemonium lord
  3926 | Temple   | Became a worshipper of Warmaster Okawaru
  3942 | Temple   | Noticed Uwkaps the pandemonium lord
  4202 | D:5      | Found a glowing drain.
  4211 | Sewer    | Entered a sewer
  4274 | Sewer    | Reached skill level 7 in Polearms
  4282 | Sewer    | Reached skill level 5 in Fighting
  4300 | Sewer    | Found a white marble altar of Elyvilon.
  4521 | D:5      | Reached * piety under Okawaru
  4522 | D:5      | Reached XP level 8. HP: 61/62 MP: 8/8
  4527 | D:5      | Reached skill level 5 in Stealth
  4536 | D:5      | Reached skill level 8 in Polearms
  4536 | D:5      | Reached skill level 1 in Invocations
  4847 | D:5      | Found a sacrificial altar of Ru.
  4935 | D:5      | Identified the ring "Matof" {rElec rPois Will++ MP+9 Str-5}
  5050 | D:5      | Learned a level 5 spell: Lightning Bolt
  5450 | D:6      | Reached ** piety under Okawaru
  5450 | D:6      | Noticed Menkaure
  5462 | D:7      | Slain by a wight

Illustrated notes

Levels and vault maps discovered:
D:1:      dpeg_arrival_tiny_b, layout_loops_ring
D:2:      layout_loops_ring, kennysheep_nub, bh_walls_and_bars, uniq_natasha,
          uniq_robin
D:3:      layout_loops_corners, hellmonk_ecumenical_altar_dog_temple,
          biasface_ghost_orc_armoury
D:4:      layout_loops_corners, chequers_ossuary_entry_cave, serial_bayou,
          serial_bayou_pond_a, serial_bayou_pond_d, serial_bayou_shore_b
D:5:      minmay_recursive_quarters, layout_basic,
          nicolae_ru_great_annihilating_truth, minmay_temple_entry_glassed_door,
          portal_sewer_entry_d
D:6:      layout_layer_cave, uniq_menkaure
D:7:      layout_rooms, serial_shops, shop, uniq_crazy_yiuf_cottage
Temple:   nicolae_temple_panitentiary

Skill      XL: |  1  2  3  4  5  6  7  8 |
---------------+-------------------------+-----
Polearms       | 1 2 3 4 6 7 8 |  8.9
Stealth        | 1 2 3 4 6 |  6.2
Fighting       | 3 4 5 6 |  6.3
Invocations    | 3 |  3.2
Long Blades    | |  3.9
Throwing       | |  2.2
Dodging        | |  4.2

Action                     |  1- 3 |  4- 6 |  7- 9 || total
---------------------------+-------+-------+-------++-------
  Melee: Long sword        |    22 |       |       ||    22
         Glaive            |    29 |   181 |   113 ||   323
         Dagger            |     7 |       |       ||     7
 Invoke: Heroism           |       |       |     1 ||     1
    Use: Scroll            |     4 |     1 |       ||     5
   Stab: Sleeping          |     6 |    15 |    13 ||    34
         Distracted        |       |     1 |     1 ||     2
         Paralysed         |       |       |     1 ||     1
 Armour: Leather armour    |    14 |    47 |    28 ||    89
  Dodge: Dodged            |    42 |    84 |    63 ||   189

Table legend: (Time is in decaauts)
 A = Elapsed time spent in this place.
 B = Non-inter-level travel time spent in this place.
 C = Inter-level travel time spent in this place.
 D = Time resting spent in this place.
 E = Time spent auto-exploring this place.
 F = Levels seen in this place.
 G = Mean time per level.
                   A        B        C        D        E       F      G
               +--------+--------+--------+--------+--------+-----+--------+
         Total |   5570 |   5417 |    153 |      0 |   3977 |  10 |  557.0 |
       Dungeon |   4959 |   4806 |    153 |      0 |   3703 |   7 |  708.4 |
        Temple |     38 |     38 |      0 |      0 |      0 |   1 |   38.0 |
         Sewer |    186 |    186 |      0 |      0 |    100 |   1 |  186.0 |
       Ossuary |    386 |    386 |      0 |      0 |    174 |   1 |  386.0 |
               +--------+--------+--------+--------+--------+-----+--------+

Top non-repeatable levels by time:
     D:4: 1008 daAuts
     D:3: 974 daAuts
     D:5: 939 daAuts
     D:2: 863 daAuts
     D:1: 755 daAuts
     D:6: 407 daAuts
 Ossuary: 386 daAuts
   Sewer: 186 daAuts
  Temple: 38 daAuts
     D:7: 10 daAuts
